 Dungeon Crawl Stone Soup version 0.26-a0-663-g36e8fdb655 (webtiles) character file.

Game seed: 16640524005599933321

92 DerDa the Magician (level 4, -1/30 HPs)
             Began as a Mummy Ice Elementalist on Oct 10, 2020.
             Slain by a worm (12 damage)
             ... on level 2 of the Dungeon.
             The game lasted 00:05:14 (2186 turns).

DerDa the Magician (Mummy Ice Elementalist)         Turns: 2186, Time: 00:05:18

Health: -1/30      AC:  2    Str: 11    XL:     4   Next: 35%
Magic:  4/10       EV: 12    Int: 15    God:
Gold:   104        SH:  0    Dex: 12    Spells: 5/12 levels left

rFire    x . .     SeeInvis .   k - +2 long sword (vorpal)
rCold    + . .     Faith    .   (no shield)
rNeg     + + +     Spirit   .   e - +0 robe (curse)
rPois    ∞         Reflect  .   (no helmet)
rElec    .         Harm     .   (no cloak)
rCorr    .         Rampage  .   (no gloves)
MR       .....                  (no boots)
Stlth    ++........             (no amulet)
HPRegen  0.10/turn              (no ring)
MPRegen  0.12/turn              (no ring)

@: no status effects
A: no potions, fire vulnerability, cold resistance 1, negative energy resistance
3, torment resistance, unbreathing
a: no special abilities


You were on level 2 of the Dungeon.
You visited 1 branch of the dungeon, and saw 2 of its levels.

You collected 104 gold pieces.

Inventory:

Hand Weapons
 k - a +2 vorpal long sword (weapon)
Missiles
 b - 50 stones (quivered)
 g - 27 sling bullets
Armour
 e - a cursed +0 robe (worn)
Scrolls
 d - a scroll of remove curse {unknown}
 f - a scroll of identify {unknown}
 h - a scroll of amnesia {unknown}
 i - a scroll of immolation {unknown}


   Skills:
 - Level 1.5 Dodging
 - Level 1.5 Stealth
 * Level 4.5 Spellcasting
 * Level 4.1 Ice Magic


You had 5 spell levels left.
You knew the following spells:

 Your Spells              Type           Power        Failure   Level
a - Freeze                Ice            ###.         3%          1
b - Frozen Ramparts       Ice            ###...       10%         3
c - Ozocubu's Armour      Ice            ###.....     10%         3

Your spell library contained the following spells:

 Spells                   Type           Power        Failure   Level
 Hailstorm                Conj/Ice       #.......     58%         4
 Summon Ice Beast         Ice/Summ       #.......     58%         4


Dungeon Overview and Level Annotations

Branches:
Dungeon (2/15)

Altars:


Innate Abilities, Weirdness & Mutations

You do not drink.
Your flesh is vulnerable to fire.
You are immune to poison.
Your flesh is cold resistant. (rC+)
You are immune to negative energy. (rN+++)
You are immune to unholy pain and torment.
You can survive without breathing.


Message History

Aim: a worm (heavily wounded)
You freeze the worm.
The worm is severely wounded.
Casting: Freeze (safe; 3% risk of failure)
Confirm with . or Enter, or press ? or * to list all spells.
Aiming: Freeze (safe; 3% risk of failure)
Press: ? - help, Shift-Dir - straight line, f/p - worm
Aim: a worm (severely wounded)
You freeze the worm.
The worm is almost dead.
The worm bites you.
Casting: Freeze (safe; 3% risk of failure)
Confirm with . or Enter, or press ? or * to list all spells.
Aiming: Freeze (safe; 3% risk of failure)
Press: ? - help, Shift-Dir - straight line, f/p - worm
Aim: a worm (severely wounded)
You freeze the worm.
The worm is almost dead.
The worm bites you!
You die...

# #.....# #####.#
# ####### #.# #
#########.# #
#......##.# #
#......##.# #
#..!......# #
######.......###
# #............#
# #....w@......#
#
#......(.........
#
#......####..####
# ######## ......
# ###### # # # #


You could see a worm.

Vanquished Creatures
  3 gnolls (D:2)
  An adder (D:2)
  2 oozes (D:1)
  2 dart slugs
  2 leopard geckos (D:2)
  3 bats
  3 goblins
  5 hobgoblins
  4 jackals (D:1)
  7 kobolds
  A quokka (D:2)
  2 ball pythons (D:2)
  A rat (D:2)
36 creatures vanquished.

Notes
Turn   | Place    | Note
-------+----------+-------------------------------------------
     0 | D:1      | DerDa the Mummy Ice Elementalist began the quest for the
                  | Orb.
     0 | D:1      | Reached XP level 1. HP: 13/13 MP: 4/4
   249 | D:1      | Reached XP level 2. HP: 10/19 MP: 0/6
   995 | D:1      | Reached XP level 3. HP: 24/24 MP: 0/8
  1000 | D:1      | Learned a level 3 spell: Frozen Ramparts
  1004 | D:1      | Learned a level 3 spell: Ozocubu's Armour
  1888 | D:2      | Reached XP level 4. HP: 22/30 MP: 2/10
  2186 | D:2      | Slain by a worm

Illustrated notes

Levels and vault maps discovered:
D:1:      dpeg_arrival_signposts, layout_basic, hangedman_glass_teeth
D:2:      minmay_diamond_boxcup, layout_basic

Skill      XL: |  1  2  3 |
---------------+----------+-----
Spellcasting   | 3 4 |  4.5
Ice Magic      | 4 |  4.1
Dodging        | |  1.5
Stealth        | |  1.5

Action                   |  1- 3 |  4- 6 || total
-------------------------+-------+-------++-------
Melee: Short sword       |    16 |       ||    16
       Long sword        |       |     2 ||     2
Throw: Stone             |     1 |       ||     1
 Cast: Freeze            |    48 |    17 ||    65
       Frozen Ramparts   |     1 |       ||     1
Armor: Robe              |     9 |     1 ||    10
Dodge: Dodged            |    44 |    10 ||    54
       Rpst.: Long sword |       |     2 ||     2

Table legend: (Time is in decaauts)
 A = Elapsed time spent in this place.
 B = Non-inter-level travel time spent in this place.
 C = Inter-level travel time spent in this place.
 D = Time resting spent in this place.
 E = Time spent auto-exploring this place.
 F = Levels seen in this place.
 G = Mean time per level.
                   A        B        C        D        E       F      G
               +--------+--------+--------+--------+--------+-----+--------+
         Total |   2187 |   2056 |    131 |     84 |   1660 |   2 | 1093.5 |
       Dungeon |   2187 |   2056 |    131 |     84 |   1660 |   2 | 1093.5 |
               +--------+--------+--------+--------+--------+-----+--------+

Top non-repeatable levels by time:
     D:1: 1539 daAuts
     D:2: 648 daAuts
